[Event "Team 45 45 League T57"]
[Site "Internet Chess Club"]
[Date "2013.06.21"]
[Round "5"]
[White "minke"]
[Black "koni"]
[Result "1-0"]
[WhiteElo "1929"]
[BlackElo "1901"]
[Opening "King's pawn opening"]
[ECO "B07"]
[Time "03:15:49"]
[TimeControl "2700+45"]

1. e4 d6 2. f4 d5 3. e5 g6 4. d4 h5 5. Nf3 Bg4 6. h3 Bxf3 7. Qxf3 h4 8. e6 fxe6
9. Bd3 Kf7 10. Qg4 Rh6 11. O-O Nf6 12. Qe2 Rh5 13. Nd2 Nc6 14. Nf3 Ne4 15. Ng5+
Kf6 16. c3 Qd7 17. Nxe4+ dxe4 18. Qxe4 Rf5 19. Qf3 Rd5 20. Qg4 Qe8 21. Qxh4+ Kg7
22. f5 exf5 23. Bc4 Rad8 24. Bh6+ Kg8 25. Rae1 e6 26. Bxd5 Rxd5 27. Bxf8 Kxf8
28. Qh8+ Kf7 29. Qh7+ Kf6 30. Qxc7 Rd7 31. Qg3 Qh8 32. Qe3 Re7 33. c4 Qd8 34.
Rd1 Qb6 35. Qc3 Kf7 36. Kh1 Rd7 37. d5 exd5 38. cxd5 Ne7 39. Qc4 Rd6 40. Rfe1
Qd8 41. Re6 Kf8 42. Rde1 Nxd5 43. Qc5 {Black resigns} 1-0

[Event "Team 45 45 League T57"]
[Site "Internet Chess Club"]
[Date "2013.06.20"]
[Round "5"]
[White "Nathan-L"]
[Black "chess09"]
[Result "0-1"]
[WhiteElo "1830"]
[BlackElo "1966"]
[Opening "QGD semi-Slav: 5.e3"]
[ECO "D45"]
[Time "18:30:34"]
[TimeControl "2700+45"]

1. d4 d5 2. Nf3 Nf6 3. e3 e6 4. c4 c6 5. Nc3 Bd6 6. Bd3 O-O 7. O-O Nbd7 8. Bd2
dxc4 9. Bxc4 b5 10. Bd3 Bb7 11. Rc1 a6 12. Ne4 Nxe4 13. Bxe4 Rc8 14. b4 Qe7 15.
Qb3 e5 16. dxe5 Nxe5 17. Bc3 Nc4 18. Bf5 Rcd8 19. Qb1 h6 20. Qe4 Bxb4 21. Bxb4
Qxb4 22. Ne5 Rfe8 23. Bh7+ Kf8 24. Rxc4 bxc4 25. Qf4 Rxe5 26. Qxe5 Qd6 27. Qb2
Rd7 28. Bf5 Re7 29. Qc2 g6 30. Be4 Qe6 31. Bf3 c5 32. Qc3 f6 33. Be2 Bd5 34. Rc1
Rb7 35. h3 Rb4 36. a3 Rb3 37. Qc2 Kf7 38. Bxc4 Bxc4 39. Qxc4 Qxc4 40. Rxc4 Rb5
41. Rc3 Ke6 42. f3 Kd5 43. Kf2 c4 44. a4 Rb2+ 45. Kg3 Rb3 46. e4+ Kd4 47. Rc1 c3
48. Rd1+ Ke3 49. Rd8 c2 50. Rc8 Kd2 51. Rd8+ Rd3 52. Rc8 Rc3 53. Rd8+ Ke3 54.
Rd6 c1=Q 55. Rxf6 Qe1+ 56. Kg4 Qf2 57. g3 h5+ 58. Kg5 Qxg3+ 59. Kh6 Rc8 60. Rxg6
Rh8+ 61. Kg7 Rg8+ 62. Kxg8 Qxg6+ 63. Kf8 Qh7 64. Ke8 Kf4 65. Kd8 Ke5 66. Kc8 Kd6
67. Kb8 Kc6 68. a5 Qb7# {White checkmated} 0-1

[Event "Team 45 45 League T57"]
[Site "Internet Chess Club"]
[Date "2013.06.24"]
[Round "5"]
[White "clarinetref"]
[Black "kabindra"]
[Result "1/2-1/2"]
[WhiteElo "1656"]
[BlackElo "1822"]
[Opening "Center game: Paulsen attack"]
[ECO "C22"]
[Time "10:04:10"]
[TimeControl "2700+45"]

1. e4 e5 2. d4 exd4 3. Qxd4 Nc6 4. Qe3 d6 5. Nc3 Nf6 6. Bd2 Be7 7. Bc4 O-O 8.
O-O-O Ne5 9. Bb3 c5 10. Bd5 Rb8 11. h3 b5 12. f4 Nc4 13. Bxc4 bxc4 14. e5 dxe5
15. fxe5 Nd5 16. Nxd5 Qxd5 17. Bc3 Qxg2 18. Nf3 Bb7 19. Rdf1 Bxf3 20. Qxf3 Qxf3
21. Rxf3 Bg5+ 22. Kb1 Rb6 23. h4 Bh6 24. Rd1 a6 25. Rd5 Rc6 26. Be1 Re8 27. Bf2
Rce6 28. Rxc5 Rxe5 29. Rxe5 Rxe5 30. a4 f6 31. Rc3 Re4 32. b4 cxb3 33. cxb3 Bf4
34. Rc6 a5 35. Rc5 Bd2 36. Kc2 Bb4 37. Rc8+ Kf7 38. Kd3 Rf4 39. Rc7+ Kg6 40. Ke3
Rg4 41. Kf3 h5 42. Rc4 f5 43. Rc6+ Kf7 44. Bg3 Ke7 45. Ra6 Kd7 46. Be5 g6 47.
Bf6 Kc7 48. Bg5 Be1 49. Rxg6 Bxh4 50. Bf4+ Kb7 51. Rh6 Bg5 52. Bxg5 Rxg5 53. Kf4
Rg4+ 54. Kxf5 Rb4 55. Rxh5 Rxb3 56. Ke6 Kb6 57. Kd6 Rb4 58. Rh8 Rxa4 59. Rb8+
Ka7 60. Rb5 Ka6 61. Kc5 Rh4 62. Rb6+ Ka7 63. Rb1 Rh6 64. Ra1 Ka6 65. Kc4 Rh4+
66. Kb3 Kb5 67. Rg1 Rh3+ 68. Ka2 Rh4 69. Rg3 a4 70. Ka3 Rh5 71. Rf3 Ka5 72. Rg3
Rd5 73. Rf3 Rd4 74. Rf5+ Kb6 75. Rf3 Kb5 76. Rf5+ Kb6 77. Rf3 Rc4 78. Rf6+ Kb5
79. Rf5+ Ka6 80. Rf6+ {Game drawn by mutual agreement} 1/2-1/2

[Event "Team 45 45 League T57"]
[Site "Internet Chess Club"]
[Date "2013.06.23"]
[Round "5"]
[White "RD1974"]
[Black "drsigmund1"]
[Result "1-0"]
[WhiteElo "1601"]
[BlackElo "1511"]
[Opening "French: King's Indian attack"]
[ECO "C00"]
[Time "19:02:51"]
[TimeControl "2700+45"]

1. e4 e6 2. d3 d5 3. Nd2 Nf6 4. Ngf3 dxe4 5. dxe4 Bb4 6. c3 Ba5 7. Qa4+ Nc6 8.
Bb5 Bb6 9. Bxc6+ bxc6 10. Qxc6+ Bd7 11. Qc4 a6 12. a4 O-O 13. O-O Bc8 14. Ne5
Qd6 15. Ndf3 Bb7 16. Re1 Nd7 17. Bf4 Nxe5 18. Nxe5 Qc5 19. Qxc5 Bxc5 20. Nd7 Bd6
21. Bxd6 cxd6 22. Nxf8 Kxf8 23. Rad1 Rd8 24. f3 Ke7 25. Kf2 Bc6 26. a5 Ba4 27.
Rd4 Bb3 28. Rb4 Bc2 29. c4 f5 30. Rc1 Bd3 31. Ke3 fxe4 32. fxe4 d5 {Black
resigns} 1-0

[Event "Team 45 45 League T57"]
[Site "Internet Chess Club"]
[Date "2013.06.23"]
[Round "5"]
[White "evan7284"]
[Black "houseofcook"]
[Result "1/2-1/2"]
[WhiteElo "1731"]
[BlackElo "1543"]
[Opening "Torre attack (Tartakower variation)"]
[ECO "D03"]
[Time "07:11:04"]
[TimeControl "2700+45"]

1. d4 d5 2. Nf3 Nf6 3. Bg5 Ne4 4. Bf4 c5 5. c4 Qa5+ 6. Bd2 Nxd2 7. Qxd2 Qxd2+ 8.
Nbxd2 e6 9. e3 Bd7 10. Ne5 Nc6 11. Nxd7 Kxd7 12. cxd5 exd5 13. dxc5 Bxc5 14. a3
a6 15. b4 Bd6 16. Nb3 b5 17. Be2 g6 18. Bf3 Ne7 19. O-O Rac8 20. Rac1 Rxc1 21.
Rxc1 Rc8 22. Rxc8 Kxc8 23. Kf1 f5 24. Ke2 Kd7 25. Kd3 Ke6 26. Nc5+ Bxc5 27. bxc5
Nc6 28. Kc3 Ke5 29. Bd1 d4+ 30. exd4+ Nxd4 31. a4 Kd5 32. axb5 axb5 33. Kb4 Kc6
{Game drawn by mutual agreement} 1/2-1/2

[Event "Team 45 45 League T57"]
[Site "Internet Chess Club"]
[Date "2013.06.21"]
[Round "5"]
[White "SirIvanhoe"]
[Black "g8wrb"]
[Result "1-0"]
[WhiteElo "1549"]
[BlackElo "1435"]
[Opening "Alekhine's defense: exchange variation"]
[ECO "B02"]
[Time "15:05:25"]
[TimeControl "2700+45"]

1. e4 Nf6 2. e5 Nd5 3. c4 Nb6 4. d4 d6 5. exd6 exd6 6. Nf3 Be7 7. Be2 O-O 8. O-O
Re8 9. Nc3 c5 10. d5 Bg4 11. b3 Bf6 12. Bb2 N8d7 13. Rb1 a6 14. Re1 Nc8 15. Kf1
Ne7 16. Ng1 Bf5 17. Bd3 Ne5 18. Bxf5 Nxf5 19. Nf3 Qa5 20. Nxe5 Bxe5 21. Qc2 Nd4
22. Qd2 Bxh2 23. g3 Kf8 24. Kg2 Qc7 25. Rxe8+ Rxe8 26. Re1 Rxe1 27. Qxe1 Bxg3
28. fxg3 Qd7 29. Qf2 Qg4 30. Qf4 Qg6 31. Ne4 Ke7 32. Qg5+ Qxg5 33. Nxg5 h6 34.
Nf3 Nf5 35. g4 Ne3+ 36. Kg3 g6 37. Bc1 Nd1 38. Bxh6 Nc3 39. a4 f6 40. Nd2 g5 41.
Kf3 Kf7 42. Ne4 Nxe4 43. Kxe4 Kg6 44. Bf8 Kf7 {Black resigns} 1-0

[Event "Team 45 45 League T57"]
[Site "Internet Chess Club"]
[Date "2013.06.23"]
[Round "5"]
[White "guyd52"]
[Black "dabodhi"]
[Result "1-0"]
[WhiteElo "1378"]
[BlackElo "1302"]
[Opening "Réti opening"]
[ECO "A04"]
[Time "19:00:37"]
[TimeControl "2700+45"]

1. Nf3 e6 2. g3 d5 3. Bg2 Bd6 4. d3 c5 5. O-O Ne7 6. Nbd2 Nbc6 7. e4 O-O 8. c3
f6 9. Re1 Qc7 10. exd5 exd5 11. d4 c4 12. b3 b5 13. Bb2 Bg4 14. Re3 Nf5 15. Re2
Qd7 16. h3 Bxf3 17. Bxf3 Nce7 18. Qe1 Kh8 19. Bg4 Ng6 20. a4 b4 21. bxc4 bxc3
22. Bxc3 dxc4 23. Nxc4 Bc7 24. Ne3 Nge7 25. a5 g6 26. Rd1 h5 27. Bf3 Rac8 28.
Bb4 Rfe8 29. d5 Be5 30. Be4 Nd4 31. Ra2 Qxh3 32. f4 Bxf4 33. gxf4 Nf3+ 34. Bxf3
Qxf3 35. Qf2 Qe4 36. d6 Nc6 37. d7 Nxb4 38. dxe8=Q+ Rxe8 39. Re2 Nd3 40. Qf1
Nxf4 41. Rf2 Qf5 42. Nxf5 {Black resigns} 1-0

[Event "Team 45 45 League T57"]
[Site "Internet Chess Club"]
[Date "2013.06.24"]
[Round "5"]
[White "Gilguli"]
[Black "rgadoury"]
[Result "1-0"]
[WhiteElo "1432"]
[BlackElo "1235"]
[Opening "Modern defense"]
[ECO "E61"]
[Time "14:01:40"]
[TimeControl "2700+45"]

1. d4 g6 2. Nf3 Bg7 3. c4 Nf6 4. Nc3 c6 5. h3 d5 6. Bf4 dxc4 7. e3 Be6 8. Be2
O-O 9. O-O Nbd7 10. Ng5 b5 11. Nxe6 fxe6 12. Bg4 Kh8 13. Bxe6 Nb6 14. Qf3 a5 15.
Qxc6 b4 16. Nb5 Nbd5 17. Be5 Qb6 18. Bxd5 Qxc6 19. Bxc6 Ra6 20. d5 Ne4 21. Bxg7+
Kxg7 22. Nc7 {Black resigns} 1-0

[Event "Team 45 45 League T57"]
[Site "Internet Chess Club"]
[Date "2013.06.21"]
[Round "5"]
[White "Hal2001"]
[Black "BrerRabbit"]
[Result "0-1"]
[WhiteElo "1567"]
[BlackElo "1463"]
[Opening "Pirc: Ufimtsev-Pytel variation"]
[ECO "B07"]
[Time "20:02:41"]
[TimeControl "2700+45"]

1. e4 d6 2. d4 Nf6 3. Nc3 c6 4. f4 Qa5 5. Bd3 e5 6. dxe5 dxe5 7. Nf3 exf4 8.
Bxf4 Be7 9. Qd2 O-O 10. O-O Bd7 11. Bg5 Re8 12. Kh1 Be6 13. Nd4 Bg4 14. Rae1
Nbd7 15. Nf5 Bb4 16. Nh6+ Kf8 17. Nxg4 Nxg4 18. Rf5 Re5 19. h3 Rxf5 20. exf5
Nge5 21. Bf4 Nxd3 22. Qxd3 Nf6 23. Bd6+ Bxd6 24. Qxd6+ Kg8 25. Re5 Qd8 26. Qe7
Qxe7 27. Rxe7 b6 28. Ne4 Nxe4 29. Rxe4 Kf8 30. g4 Rd8 31. Re2 Rd6 32. Kg2 Rd7
33. Kf3 Re7 34. Rd2 Ke8 35. Kf4 Rd7 36. Rxd7 Kxd7 37. g5 Kd6 38. h4 a6 39. h5
Ke7 40. c4 Kd6 41. b4 Ke7 42. a4 Kd6 43. c5+ bxc5 44. bxc5+ Kxc5 45. Ke5 Kb4 46.
Kd6 c5 47. Ke7 c4 48. Kxf7 c3 49. Kxg7 c2 50. f6 c1=Q 51. g6 hxg6 52. hxg6 Qc3
53. Kf7 Qc7+ 54. Kg8 Qd8+ 55. Kg7 Kxa4 56. f7 Qe7 57. Kg8 Qe6 58. Kh7 Qf6 59.
Kg8 Qxg6+ 60. Kh8 Qf6+ 61. Kg8 Kb5 {White resigns} 0-1

[Event "Team 45 45 League T57"]
[Site "Internet Chess Club"]
[Date "2013.06.22"]
[Round "5"]
[White "otib2006"]
[Black "MinnArkie"]
[Result "0-1"]
[WhiteElo "1289"]
[BlackElo "1599"]
[Opening "King's Indian: East Indian defense"]
[ECO "A48"]
[Time "09:00:41"]
[TimeControl "2700+45"]

1. d4 Nf6 2. Nf3 g6 3. e3 Bg7 4. Bd3 O-O 5. O-O d5 6. Nbd2 a6 7. Qe2 b5 8. c3
Nbd7 9. b4 Nb6 10. e4 dxe4 11. Nxe4 Nfd5 12. Bg5 h6 13. Bh4 Nf4 14. Qe3 Nxd3 15.
Qxd3 Be6 16. Nc5 Bc4 17. Qe3 Nd5 18. Ne6 Nxe3 19. Nxd8 Nxf1 20. Bxe7 Rfxd8 21.
Bxd8 Rxd8 22. Rxf1 Bxf1 23. Kxf1 a5 24. a3 axb4 25. axb4 Ra8 26. Ke2 Ra2+ 27.
Ke3 Rc2 28. Kd3 Rxf2 29. Nh4 g5 30. Nf3 Rxg2 31. d5 g4 32. Nh4 Rxh2 33. Nf5 Rh3+
34. Kc2 g3 35. Ne3 Bxc3 36. Kxc3 g2 37. Kd4 Rxe3 38. Kxe3 g1=Q+ {White resigns}
0-1

[Event "Team 45 45 League T57"]
[Site "Internet Chess Club"]
[Date "2013.06.23"]
[Round "5"]
[White "jungleboy"]
[Black "MeansToAnEnd"]
[Result "1-0"]
[WhiteElo "1206"]
[BlackElo "1313"]
[Opening "QGD Slav defense: exchange variation"]
[ECO "D10"]
[Time "12:00:14"]
[TimeControl "2700+45"]

1. d4 d5 2. c4 c6 3. cxd5 cxd5 4. Nc3 Bf5 5. Bg5 h6 6. Bh4 Nf6 7. Bxf6 gxf6 8.
g3 e6 9. Bg2 Qb6 10. Qd2 Nc6 11. e3 Bb4 12. a3 Bxc3 13. Qxc3 Qa5 14. b4 Qb5 15.
Ne2 Bg4 16. Bf1 Bf3 17. Rg1 O-O 18. Nf4 Qb6 19. Bd3 Rac8 20. Qb2 Ne7 21. Be2
Bxe2 22. Qxe2 Ng6 23. Nh5 Qd8 24. g4 Rc4 25. Qf3 Qc7 26. Rd1 Qxh2 27. Rh1 Qc7
28. Qxf6 Rc8 29. Qg7# {Black checkmated} 1-0

[Event "Team 45 45 League T57"]
[Site "Internet Chess Club"]
[Date "2013.06.21"]
[Round "5"]
[White "bmw2002"]
[Black "JeffH"]
[Result "1/2-1/2"]
[WhiteElo "1597"]
[BlackElo "1508"]
[Opening "English, 1...Nf6 (Anglo-Indian defense)"]
[ECO "A15"]
[Time "20:03:44"]
[TimeControl "2700+45"]

1. c4 Nf6 2. g3 g6 3. Bg2 Bg7 4. Nf3 O-O 5. O-O d6 6. Nc3 e5 7. d3 Nc6 8. Rb1
Rb8 9. b4 Bd7 10. a4 a5 11. b5 Ne7 12. Ba3 b6 13. d4 exd4 14. Nxd4 Nh5 15. Nd5
Nxd5 16. Bxd5 Qe7 17. Nc6 Bxc6 18. Bxc6 Qg5 19. Bc1 Qf5 20. Qd3 Qxd3 21. exd3
Nf6 22. Bf4 Ng4 23. Rbd1 Bd4 24. Kg2 Ne5 25. Bd5 Kg7 26. Rfe1 Rfe8 27. Bxe5+
Rxe5 28. Bc6 f6 29. f4 Rxe1 30. Rxe1 Kf8 31. Re6 f5 32. h4 Kf7 33. Bd5 Kf8 34.
Kf3 Re8 35. Rxe8+ Kxe8 36. g4 fxg4+ 37. Kxg4 h6 38. Be4 Kf7 39. h5 gxh5+ 40.
Kxh5 Bg7 41. Kg4 Kf6 42. Bd5 Kg6 43. Be4+ {Game drawn by mutual agreement}
1/2-1/2

[Event "Team 45 45 League T57"]
[Site "Internet Chess Club"]
[Date "2013.06.19"]
[Round "5"]
[White "mongmong"]
[Black "Zyme"]
[Result "1/2-1/2"]
[WhiteElo "1584"]
[BlackElo "1399"]
[Opening "King's Indian, 3.Nf3"]
[ECO "E60"]
[Time "20:08:19"]
[TimeControl "2700+45"]

1. d4 Nf6 2. Nf3 g6 3. c4 Bg7 4. g3 O-O 5. Bg2 d6 6. O-O e5 7. dxe5 dxe5 8. Nxe5
Qe7 9. f4 Rd8 10. Qb3 c6 11. Nc3 Be6 12. Be3 Na6 13. Rfd1 Ng4 14. Rxd8+ Rxd8 15.
Nxg4 Bxg4 16. Bxa7 Nc5 17. Qb4 Bd4+ 18. Kh1 Ra8 19. Bxc5 Bxc5 20. Qb3 Bxe2 21.
Nxe2 Qxe2 22. Qxb7 Re8 23. Qxc6 Bd4 24. Rf1 Re6 25. Qa4 Qxb2 26. Qa8+ Kg7 27.
Bf3 Re3 28. Qd5 Ra3 29. Rd1 Bf6 30. Qd2 Qxd2 31. Rxd2 Rxf3 32. Rc2 Rc3 33. Rxc3
Bxc3 34. Kg2 Kf6 35. Kf3 Ke6 36. Ke4 Kd6 37. g4 Kc5 38. Kd3 Be1 39. h3 Bg3 40.
f5 Bh4 41. fxg6 fxg6 42. a4 Bd8 43. Ke4 Kxc4 44. Ke5 h5 45. gxh5 gxh5 46. Ke4
{Game drawn by mutual agreement} 1/2-1/2

[Event "Team 45 45 League T57"]
[Site "Internet Chess Club"]
[Date "2013.06.24"]
[Round "5"]
[White "AlPearson"]
[Black "Visin"]
[Result "1-0"]
[WhiteElo "1370"]
[BlackElo "1367"]
[Opening "QGD Slav defense"]
[ECO "D10"]
[Time "12:16:34"]
[TimeControl "2700+45"]

1. d4 d5 2. c4 c6 3. Nc3 Nf6 4. e3 Bf5 5. cxd5 Nxd5 6. Nxd5 Qxd5 7. Nf3 Nd7 8.
b3 e6 9. Bc4 Qa5+ 10. Bd2 Bb4 11. Bxb4 Qxb4+ 12. Qd2 Qe7 13. O-O b5 14. Bd3 Bxd3
15. Qxd3 O-O 16. Rac1 Rac8 17. Rc2 Rc7 18. Rfc1 Rfc8 19. e4 f6 20. d5 exd5 21.
exd5 Qd6 22. Qc3 Qxd5 23. Nd4 Nb8 24. Qc5 Qxc5 25. Rxc5 Kf7 26. Nxb5 Rd7 27. g3
a6 28. Na3 Rcd8 29. R5c2 Rd1+ 30. Rxd1 Rxd1+ 31. Kg2 Rd7 32. Nc4 Ke7 33. Nb6 Rc7
34. Nd5+ Kd6 35. Nxc7 Kxc7 36. Kf3 Nd7 37. Ke4 g6 38. g4 a5 39. a3 Kb6 40. b4
axb4 41. axb4 c5 42. bxc5+ Nxc5+ 43. Kd5 Nd3 44. Rc6+ Kb7 {Black resigns} 1-0

[Event "Team 45 45 League T57"]
[Site "Internet Chess Club"]
[Date "2013.06.23"]
[Round "5"]
[White "JohLeb"]
[Black "chuckh2"]
[Result "0-1"]
[WhiteElo "1339"]
[BlackElo "1322"]
[Opening "QGA: 3.e4"]
[ECO "D20"]
[Time "13:00:31"]
[TimeControl "2700+45"]

1. d4 d5 2. c4 dxc4 3. e4 e5 4. d5 Bb4+ 5. Nc3 Nf6 6. Qa4+ Bd7 7. Qxb4 b6 8. Bg5
h6 9. Bh4 Na6 10. Qxc4 Nc5 11. Nf3 O-O 12. Nxe5 g5 13. Nxd7 Nfxd7 14. Bg3 Re8
15. Be2 Ne5 16. Bxe5 Rxe5 17. O-O Qd7 18. Rad1 Rae8 19. Rd4 Kf8 20. h3 Nb7 21.
Bg4 Qe7 22. f3 Nd6 23. Qe2 c5 24. Ra4 c4 25. b3 b5 26. Ra6 b4 27. Na4 c3 28. Rc6
Rxd5 29. Rd1 Rxd1+ 30. Qxd1 Rd8 31. Qc2 Qe5 32. Kf1 Qb5+ 33. Rc4 Nxc4 34. bxc4
Qxc4+ 35. Ke1 Rd2 36. Qxd2 cxd2+ 37. Kxd2 Qxa2+ {White resigns} 0-1

[Event "Team 45 45 League T57"]
[Site "Internet Chess Club"]
[Date "2013.06.23"]
[Round "5"]
[White "FlyingTiger"]
[Black "LazyPeon"]
[Result "0-1"]
[WhiteElo "1832"]
[BlackElo "1723"]
[Opening "French: MacCutcheon, Janowski variation"]
[ECO "C12"]
[Time "16:14:53"]
[TimeControl "2700+45"]

1. e4 e6 2. d4 d5 3. Nc3 Nf6 4. Bg5 Bb4 5. e5 h6 6. Be3 Ne4 7. Qg4 g6 8. a3
Bxc3+ 9. bxc3 c5 10. Bd3 h5 11. Qf4 g5 12. Qf3 Nxc3 13. dxc5 Nc6 14. Qg3 h4 15.
Qxg5 Qxg5 16. Bxg5 Nxe5 17. Bf6 Rh5 18. Kd2 Ne4+ 19. Bxe4 dxe4 20. Re1 Ng4 21.
Nh3 Nxf6 {White resigns} 0-1

[Event "Team 45 45 League T57"]
[Site "Internet Chess Club"]
[Date "2013.06.24"]
[Round "5"]
[White "Buford-Julep"]
[Black "vvsi"]
[Result "1/2-1/2"]
[WhiteElo "1729"]
[BlackElo "1744"]
[Opening "Kevitz-Trajkovich defense"]
[ECO "A50"]
[Time "20:02:24"]
[TimeControl "2700+45"]

1. d4 Nf6 2. c4 Nc6 3. Nc3 e5 4. Nf3 exd4 5. Nxd4 Bb4 6. g3 Bxc3+ 7. bxc3 d6 8.
Bg2 Bd7 9. Rb1 Rb8 10. Rxb7 Rxb7 11. Nxc6 Qc8 12. Bg5 Rb6 13. Nxa7 Qa6 14. Nb5
Bxb5 15. cxb5 Qxb5 16. Bxf6 gxf6 17. O-O Qb2 18. Qd4 Qxe2 19. Qxf6 Qe5 20. Qxe5+
dxe5 21. Re1 f6 22. a4 Ra6 23. Bf1 Re6 24. Rb1 Ke7 25. a5 Ra8 26. a6 Raxa6 27.
Bxa6 Rxa6 28. Rd1 Rd6 29. Rxd6 Kxd6 30. Kf1 Kc5 31. Ke2 Kc4 32. Kd2 f5 33. f3 h5
34. h3 Kd5 35. Kd3 c5 36. c4+ Ke6 37. Ke3 Kf6 {Game drawn by mutual agreement}
1/2-1/2

[Event "Team 45 45 League T57"]
[Site "Internet Chess Club"]
[Date "2013.06.20"]
[Round "5"]
[White "rom1"]
[Black "pauliewoll"]
[Result "1-0"]
[WhiteElo "1543"]
[BlackElo "1602"]
[Opening "QGD: classical variation (5.Bf4)"]
[ECO "D37"]
[Time "12:38:05"]
[TimeControl "2700+45"]

1. d4 Nf6 2. c4 e6 3. Nc3 d5 4. Nf3 Be7 5. Bf4 O-O 6. e3 c5 7. Bd3 Nc6 8. O-O
dxc4 9. Bxc4 a6 10. a3 b5 11. Bd3 cxd4 12. exd4 Bb7 13. Rc1 Bd6 14. Ne5 Bxe5 15.
dxe5 Nd5 16. Bg3 f5 17. exf6 Qxf6 18. Ne4 Qd8 19. Nc5 Qe7 20. Re1 Nd8 21. Nxb7
Nxb7 22. Re5 Nf4 23. Be4 Rad8 24. Qe1 Nd6 25. Bxf4 Rxf4 26. Bd5 Rdf8 27. Rxe6
{Black resigns} 1-0

[Event "Team 45 45 League T57"]
[Site "Internet Chess Club"]
[Date "2013.06.24"]
[Round "5"]
[White "SirIvanhoe"]
[Black "Berke"]
[Result "1-0"]
[WhiteElo "1569"]
[BlackElo "1587"]
[Opening "Sicilian: closed"]
[ECO "B23"]
[Time "13:31:08"]
[TimeControl "2700+45"]

1. e4 c5 2. Nc3 a6 3. g3 Nc6 4. Bg2 e5 5. d3 Nf6 6. Nge2 Be7 7. O-O d6 8. f4
exf4 9. Nxf4 Bg4 10. Bf3 Bxf3 11. Qxf3 Nd4 12. Qd1 b5 13. Ncd5 O-O 14. Nxf6+
Bxf6 15. Nd5 Be5 16. c3 Ne6 17. Qg4 Kh8 18. Be3 b4 19. a3 bxc3 20. bxc3 Qa5 21.
Rfc1 Rab8 22. Bf4 Rb3 23. Bxe5 dxe5 24. a4 Qd8 25. Rcb1 Qb8 26. Qd1 Rxb1 27.
Rxb1 Qe8 28. Rb6 Qa8 29. Qb1 Ng5 30. Kg2 Qc8 31. Kf2 f5 32. Ke1 fxe4 33. dxe4
Qh3 34. Rb8 Qf1+ 35. Kd2 h5 36. Qxf1 Nxe4+ 37. Kd3 Kh7 38. Qxf8 Nxc3 39. Qh8+
Kg6 40. Rb6+ {Black resigns} 1-0

[Event "Team 45 45 League T57"]
[Site "Internet Chess Club"]
[Date "2013.06.24"]
[Round "5"]
[White "room-matt"]
[Black "ScotchYeti"]
[Result "1-0"]
[WhiteElo "1781"]
[BlackElo "1694"]
[Opening "Sicilian: Kan, 5.Bd3"]
[ECO "B42"]
[Time "15:01:10"]
[TimeControl "2700+45"]

1. e4 c5 2. Nf3 e6 3. d4 cxd4 4. Nxd4 a6 5. Bd3 Qc7 6. Qe2 Nc6 7. Be3 d6 8. O-O
Nf6 9. Nd2 Be7 10. a3 Ne5 11. f4 Ned7 12. b4 O-O 13. c4 Re8 14. Rac1 b6 15. Bf2
Bb7 16. Bg3 h6 17. e5 dxe5 18. fxe5 Nh7 19. Bxh7+ Kxh7 20. Rxf7 Bf8 21. Qd3+ Kg8
22. Qg6 b5 23. c5 Bd5 24. Re1 Qd8 25. N2f3 Re7 26. Bh4 Rxf7 27. Bxd8 Rxd8 28.
Nxe6 {Black resigns} 1-0

[Event "Team 45 45 League T57"]
[Site "Internet Chess Club"]
[Date "2013.06.24"]
[Round "5"]
[White "cBishop"]
[Black "chrisgianno"]
[Result "1-0"]
[WhiteElo "1658"]
[BlackElo "1679"]
[Opening "King's Indian defense"]
[ECO "E60"]
[Time "12:26:04"]
[TimeControl "2700+45"]

1. d4 Nf6 2. c4 g6 3. f3 Bg7 4. e4 d6 5. Ne2 O-O 6. Nec3 Nc6 7. Be3 b6 8. Be2 a5
9. Na3 e5 10. d5 Nb8 11. Na4 Nbd7 12. Nb5 Ba6 13. a3 Ne8 14. b4 f5 15. O-O f4
16. Bf2 Bc8 17. Qc2 Ndf6 18. c5 Rf7 19. cxb6 g5 20. Rfc1 g4 21. Qc6 Bd7 22. bxc7
Qc8 23. Qc3 Qa6 24. Nb6 Nxc7 25. Nxa8 Nxa8 26. a4 h5 27. Ra2 Bh6 28. Na7 Qb7 29.
bxa5 g3 30. Bb6 Nxb6 31. Qb3 Qxa7 32. Qxb6 Qa8 33. Rc7 h4 34. h3 Bf8 35. Bb5
Nxd5 36. exd5 Qxd5 37. Bc4 Qd1+ 38. Bf1 Be6 39. Rac2 d5 40. Qxe6 Qd4+ 41. Kh1
Qd1 42. Qxf7+ {Black resigns} 1-0

[Event "Team 45 45 League T57"]
[Site "Internet Chess Club"]
[Date "2013.06.23"]
[Round "5"]
[White "oldway"]
[Black "cepheid"]
[Result "1/2-1/2"]
[WhiteElo "1543"]
[BlackElo "1605"]
[Opening "Sicilian: Alapin's variation (2.c3)"]
[ECO "B22"]
[Time "13:00:28"]
[TimeControl "2700+45"]

1. e4 c5 2. c3 Nf6 3. e5 Nd5 4. d4 cxd4 5. cxd4 e6 6. Nf3 d6 7. Bc4 Nc6 8. O-O
Be7 9. Nbd2 O-O 10. Ne4 h6 11. exd6 Bxd6 12. Nxd6 Qxd6 13. Be3 Nce7 14. Qd2 b6
15. Rac1 Bb7 16. Be2 Ng6 17. a3 Ngf4 18. Bc4 Ng6 19. Rc2 Ndf4 20. Ne1 Be4 21.
Bd3 Nxd3 22. Nxd3 Nh4 23. f3 Bxd3 24. Qxd3 Nf5 25. Bf2 Ne7 26. Rfc1 Nd5 27. Qe4
Qd7 28. Qe5 Rac8 29. Bg3 Rxc2 30. Rxc2 Rc8 31. Rxc8+ Qxc8 32. Qb8 Qxb8 33. Bxb8
a6 34. Kf2 Kf8 35. g3 Ke7 36. Ke2 Kd7 37. Kd3 Kc8 38. Bd6 g6 39. Bf8 h5 40. Bg7
Kd7 41. Bh6 Ke7 42. Bd2 Kf6 43. Ke4 Ke7 44. Kd3 Kd6 45. Kc4 b5+ 46. Kd3 Nb6 47.
b3 Kd5 48. Bf4 Nd7 49. Ke3 Nf6 50. h3 Ng8 51. g4 hxg4 52. fxg4 Ne7 53. Kd3 Nc6
54. Be3 Na5 55. h4 Nc6 56. h5 gxh5 57. gxh5 Ne7 58. h6 Ng6 59. Bg5 Nf8 60. Ke3
e5 61. dxe5 Kxe5 62. a4 bxa4 63. bxa4 Kd5 64. Kd3 Nh7 65. Bd2 f5 66. Ke3 Ke6 67.
Kf4 Nf6 68. a5 Nh7 69. Bc3 Nf6 70. Bxf6 Kxf6 71. h7 Kg7 72. Kxf5 Kxh7 73. Ke6
Kg8 74. Kd6 Kf8 75. Kc6 Ke8 76. Kb6 Kd8 77. Kxa6 Kc7 78. Ka7 Kc8 79. Ka8 Kc7
{Game drawn by mutual agreement} 1/2-1/2

[Event "Team 45 45 League T57"]
[Site "Internet Chess Club"]
[Date "2013.06.22"]
[Round "5"]
[White "Gilguli"]
[Black "Signalman"]
[Result "0-1"]
[WhiteElo "1396"]
[BlackElo "1616"]
[Opening "Nimzo-Indian: three knights variation"]
[ECO "E21"]
[Time "10:20:54"]
[TimeControl "2700+45"]

1. d4 Nf6 2. Nf3 e6 3. c4 Bb4+ 4. Nc3 c5 5. a3 Bxc3+ 6. bxc3 Qe7 7. d5 d6 8. Bg5
O-O 9. e3 Nbd7 10. Bd3 e5 11. Nd2 a6 12. Qc2 h6 13. Bh4 g5 14. Bg3 b5 15. h4 g4
16. e4 Nh5 17. Nf1 bxc4 18. Bxc4 Nb6 19. Be2 c4 20. Rb1 Rb8 21. Bxc4 f5 22. exf5
Bxf5 23. Bd3 e4 24. Qe2 Nxd5 25. Bc4 Rxb1+ 26. Kd2 Rb2+ {White resigns} 0-1

[Event "Team 45 45 League T57"]
[Site "Internet Chess Club"]
[Date "2013.06.24"]
[Round "5"]
[White "pereelcoix"]
[Black "Goldenberg"]
[Result "0-1"]
[WhiteElo "1548"]
[BlackElo "1768"]
[Opening "Sicilian: accelerated fianchetto, Maróczy bind, 6.Be3"]
[ECO "B38"]
[Time "12:07:00"]
[TimeControl "2700+45"]

1. e4 c5 2. Nf3 g6 3. c4 Nc6 4. d4 cxd4 5. Nxd4 Bg7 6. Be3 Nf6 7. Nc3 O-O 8. Be2
Re8 9. O-O e6 10. Ndb5 d5 11. cxd5 exd5 12. exd5 Ne7 13. d6 Nf5 14. Nc7 Rxe3 15.
fxe3 Nxe3 16. Qa4 Nxf1 17. Nxa8 Ne3 18. Qxa7 Nfg4 19. Bxg4 Nxg4 20. Qc5 Be5 21.
h3 Bxd6 22. Qa7 Qe7 23. Na4 Bf4 24. Kh1 Qh4 25. Qc5 Be6 26. Qc3 Be3 27. Nc7 Nf2+
28. Kh2 Bxh3 29. Qxe3 Ng4+ {White resigns} 0-1